 Dungeon Crawl Stone Soup version 0.28.0 (webtiles) character file.

Game seed: 12867142927438990197

103 Host24 the Bolt Thrower (level 5, -2/32 HPs)
             Began as a Kobold Hunter on Mar 5, 2022.
             Slain by an orc (8 damage)
             ... on level 3 of the Dungeon.
             The game lasted 00:04:22 (3848 turns).

Host24 the Bolt Thrower (Kobold Hunter)             Turns: 3848, Time: 00:04:22

Health: -2/32      AC:  3    Str: 11    XL:     5   Next: 6%
Magic:  5/5        EV: 15    Int: 12    God:
Gold:   60         SH:  0    Dex: 16    Spells: 4/4 levels left

rFire   . . .      SeeInvis .   a - +1 hand crossbow
rCold   . . .      Faith    .   (no shield)
rNeg    . . .      Spirit   .   c - +0 leather armour
rPois   .          Reflect  .   (no helmet)
rElec   .          Harm     .   (no cloak)
rCorr   .          Rampage  .   (no gloves)
Will    .....                   (no boots)
Stlth   +++.......              (no amulet)
HPRegen 0.10/turn               (no ring)
MPRegen 0.09/turn               (no ring)

@: no status effects
A: small, no large weapons, nightstalker 3
a: no special abilities


You were on level 3 of the Dungeon.
You visited 1 branch of the dungeon, and saw 3 of its levels.

You collected 60 gold pieces.

Inventory:

Hand Weapons
 a - a +1 hand crossbow (weapon)
 b - a +0 short sword
Missiles
 d - 44 bolts (quivered ammo)
 e - 145 stones
 f - 13 arrows
 m - 30 sling bullets
Armour
 c - a +0 leather armour (worn)
Jewellery
 g - a +6 ring of intelligence
Scrolls
 j - a scroll of fog {unknown}
Potions
 h - a potion of attraction {unknown}
 i - a potion of resistance {unknown}
 k - a potion of degeneration {unknown}
 l - a potion of might {unknown}


   Skills:
 - Level 3.0 Fighting
 + Level 6.0 Crossbows
 - Level 4.0 Dodging
 - Level 1.3 Stealth


You had 4 spell levels left.
You didn't know any spells.
Your spell library contained the following spells:

 Spells                   Type           Power      Damage    Failure   Level
 Summon Small Mammal      Summ           0%         N/A       41%         1
 Call Canine Familiar     Summ           0%         N/A       78%         3
 Summon Guardian Golem    Hex/Summ       0%         N/A       78%         3


Dungeon Overview and Level Annotations

Branches:
Dungeon (3/15)

Altars:

Shops:
D:3 [

Annotations:
D:3 3 runed translucent doors


Innate Abilities, Weirdness & Mutations

You are small and have problems with some larger weapons.
You are completely attuned to the shadows.


Message History

The kobold shouts!
You hear a shout!
The kobold completely misses you.
You barely miss the kobold. The kobold hits you with a +0 dagger.
You hit the kobold.
The kobold is moderately wounded.
The kobold hits you with a +0 dagger.
You barely miss the kobold.
The kobold is moderately wounded.
The kobold hits you with a +0 dagger.
You hit the kobold.
You kill the kobold!
Your Crossbows skill increases to level 6!
Found a +0 dagger.
Things that are here:
a +0 dagger; a kobold corpse
a - a +1 hand crossbow (weapon)
Fire: 47 bolts
Press: ? - help, Q - select action, (/) - cycle Shift-Dir - straight line, f - orc priest
Aim: an orc priest, wielding a +0 hand axe and wearing a +0 leather armour (68% to hit)
You shoot a bolt. The orc shouts!
The bolt hits the orc priest.
The orc priest is moderately wounded.
The orc priest hits you with a +0 hand axe.
Fire: 46 bolts
Press: ? - help, Q - select action, (/) - cycle Shift-Dir - straight line, f/p - orc priest
Aim: an orc priest, wielding a +0 hand axe and wearing a +0 leather armour (moderately wounded, 68% to hit)
You shoot a bolt. The bolt hits the orc priest.
The orc priest is heavily wounded.
The orc priest invokes the aid of Beogh against you.
Beogh smites you!
The orc hits you from afar with a +0 glaive.
* * * LOW HITPOINT WARNING * * *
The orc priest barely misses you.
Fire: 45 bolts
Press: ? - help, Q - select action, (/) - cycle Shift-Dir - straight line, f/p - orc priest
Aim: an orc priest, wielding a +0 hand axe and wearing a +0 leather armour (heavily wounded, 68% to hit)
You shoot a bolt. The bolt barely misses the orc priest.
The orc hits you from afar with a +0 glaive!
You die...

#.##.########
##...###.#.....
#....#
.#####...###.......
......
...........######.#
#####
#.......###.######.#
.....#........#......
#....#.#.#....#.#....
#....#.#'#......#####
#.........).....#
.#o@...........#
..o.......####..#Z...
#####
......#...####..##...
8...#
......+.........#Z...
....#
..)...#......^..###++
....# #........#o..o.
....# ####.....#.....
.)..# ...........oo.
....# ..............


You could see an orc priest and an orc.

Vanquished Creatures
  4 adders
  3 worms
  2 dart slugs (D:3)
  4 orcs (D:3)
  4 bats
  2 endoplasms (D:1)
  A giant cockroach (D:2)
  7 goblins
  7 hobgoblins
  3 kobolds
  A quokka (D:3)
  5 ball pythons
  2 frilled lizards (D:1)
  3 rats
48 creatures vanquished.

Notes
Turn   | Place    | Note
-------+----------+-------------------------------------------
     0 | D:1      | Host24 the Kobold Hunter began the quest for the Orb.
     0 | D:1      | Reached XP level 1. HP: 12/12 MP: 1/1
   229 | D:1      | Reached skill level 5 in Crossbows
   631 | D:1      | Reached XP level 2. HP: 18/18 MP: 2/2
  1787 | D:2      | Reached XP level 3. HP: 23/23 MP: 3/3
  2712 | D:2      | Reached XP level 4. HP: 28/28 MP: 4/4
  3054 | D:3      | Found Dieggoa's Antique Armour Boutique.
  3358 | D:3      | Found a runed translucent gate.
  3359 | D:3      | Found a runed translucent gate.
  3370 | D:3      | Found a runed translucent gate.
  3697 | D:3      | Reached XP level 5. HP: 28/32 MP: 5/5
  3844 | D:3      | Reached skill level 6 in Crossbows
  3848 | D:3      | Slain by an orc

Illustrated notes

Levels and vault maps discovered:
D:1:      minmay_arrival_semitransparent, layout_basic
D:2:      layout_basic
D:3:      layout_basic, gammafunk_ghost_necromancy, serial_shops,
          nicolae_shop_statue_plus

Skill      XL: |  1  2  3  4  5 |
---------------+----------------+-----
Crossbows      | 5 6 |  6.0
Fighting       | 3 |  3.0
Dodging        | 4 |  4.0
Stealth        | |  1.3

Action                   |  1- 3 |  4- 6 || total
-------------------------+-------+-------++-------
Melee: Short sword       |   105 |    69 ||   174
       Punch             |     4 |     1 ||     5
 Fire: Hand crossbow     |    11 |    13 ||    24
 Stab: Sleeping          |     4 |     6 ||    10
Armor: Leather armour    |    25 |     9 ||    34
Dodge: Dodged            |    79 |    58 ||   137
